 Dungeon Crawl Stone Soup version 0.30-a0-414-gcb316572d5 (webtiles) character file.

Game seed: 1301023119703849333

2128 cforsyth the Cleaver (level 9, -8/82 HPs)
             Began as a Hill Orc Monk on Dec 7, 2022.
             Was a Priest of Beogh.
             Mangled by a wight
             ... wielding a +0 halberd
              (12 damage)
             ... on level 7 of the Dungeon.
             The game lasted 00:16:52 (7105 turns).

cforsyth the Cleaver (Hill Orc Monk)                Turns: 7105, Time: 00:16:52

Health: -8/82      AC:  8    Str: 24    XL:     9   Next: 29%
Magic:  10/10      EV: 10    Int: 10    God:    Beogh [***...]
Gold:   340        SH: 10    Dex: 21    Spells: 8/8 levels left

rFire   . . .      SeeInvis .    a - +0 hand axe
rCold   . . .      Faith    .    B - +0 kite shield
rNeg    . . .      Spirit   .    y - +1 ring mail of Kauha {rPois Dex+2 Stlth+}
rPois   +          Reflect  .    (no helmet)
rElec   .          Harm     .    (no cloak)
rCorr   .          Rampage  .    f - +0 pair of gloves
Will    .....                    (no boots)
Stlth   +++.......               (no amulet)
HPRegen 0.33/turn                g - +6 ring of dexterity
MPRegen 0.12/turn                t - +6 ring of strength

@: no status effects
A: no striking features
a: Renounce Religion, Smiting


You were on level 7 of the Dungeon.
You worshipped Beogh.
Beogh was most pleased with you.
You visited 1 branch of the dungeon, and saw 7 of its levels.

You collected 340 gold pieces.

Inventory:

Hand Weapons
 a - a +0 hand axe (weapon)
 b - a +3 arbalest
Missiles
 G - a throwing net
Armour
 f - a +0 pair of gloves (worn)
 y - the +1 ring mail of Kauha (worn) {rPois Dex+2 Stlth+}
   (You found it on level 5 of the Dungeon)

   Dex:       It affects your dexterity (+2).
   rPois:     It protects you from poison.
   Stlth:     It makes you more stealthy.
 B - a +0 kite shield (worn)
Jewellery
 g - a +6 ring of dexterity (left hand)
 t - a +6 ring of strength (right hand)
Wands
 s - a wand of iceblast (7)
 F - a wand of polymorph (11)
Scrolls
 d - a scroll of butterflies {unknown}
 j - a scroll of poison {unknown}
 k - 7 scrolls of identify {unknown}
 l - a scroll of summoning {unknown}
 n - a scroll of enchant weapon {unknown}
 o - 2 scrolls of silence {unknown}
 p - 2 scrolls of amnesia {unknown}
 q - 2 scrolls of noise {unknown}
 r - a scroll of teleportation {unknown}
 v - a scroll of blinking {unknown}
 x - a scroll of magic mapping {unknown}
 z - a scroll of vulnerability {unknown}
 C - a scroll of enchant armour {unknown}
 E - 2 scrolls of immolation {unknown}
Potions
 c - 3 potions of ambrosia
 e - a potion of heal wounds {unknown}
 h - 2 potions of resistance {unknown}
 i - a potion of attraction {unknown}
 m - 2 potions of curing {unknown}
 u - a potion of flight {unknown}
 w - 2 potions of degeneration {unknown}
 A - a potion of might {unknown}
 D - 3 potions of mutation {unknown}


   Skills:
 + Level 8.5 Fighting
 + Level 9.3 Axes
 + Level 6.9 Armour
 - Level 2.4 Dodging
 - Level 1.5 Stealth
 + Level 4.1 Shields
 + Level 2.2 Invocations


You had 8 spell levels left.
You didn't know any spells.
Your spell library contained the following spells:

 Spells                   Type           Power      Damage    Failure   Level
 Ensorcelled Hibernation  Hex/Ice        0%         N/A       94%         2
 Passwall                 Tmut/Erth      0%         N/A       94%         2
 Call Canine Familiar     Summ           0%         N/A       99%         3
 Portal Projectile        Hex/Tloc       0%         N/A       99%         3
 Summon Guardian Golem    Hex/Summ       0%         N/A       99%         3
 Swiftness                Air            0%         N/A       99%         3
 Leda's Liquefaction      Hex/Erth       0%         N/A       100%        4
 Orb of Destruction       Conj           0%         9d5       100%        7
 Spellforged Servitor     Conj/Summ      0%         N/A       100%        7


Dungeon Overview and Level Annotations

Branches:
Dungeon (7/15)
 Temple: D:4-7

Altars:
Ashenzari
Kikubaaqudgha
Makhleb
Qazlal
Sif Muna
Uskayaw
Zin

Annotations:
D:2 Terence
D:3 1 runed translucent door, Crazy Yiuf
D:5 1 runed translucent door, p00ps00p's ghost, novice HOFi


Message History

* * * LOW HITPOINT WARNING * * *
The wight hits you with a +0 falchion.
* * * LOW HITPOINT WARNING * * *
The wight misses you.
Your orc hits the wight with a +0 short sword.
Your orc warrior closely misses the wyvern.
Your orc warrior hits the wyvern with a +0 dagger!
The wyvern dies!
Beogh accepts your kill.
Your orc wizard hits the wight with a +0 dagger.
Your Shields skill increases to level 4!
Your Invocations skill increases to level 2!
Unknown command.
Unknown command.
Unknown command.
You barely miss the wight.
The wight is almost destroyed.
You block the wight's attack. x2
Your orc hits the wight with a +0 short sword.
The wight is destroyed!
Beogh accepts your kill.
Your orc looks more experienced.
Your orc wizard casts a spell at the wight.
The wight resists with significant effort.
Unknown command.
Unknown command.
You swap places.
Found a scroll labelled ETUOMOJUIRR.
You block the wight's attack.
Your orc wizard gestures wildly while chanting.
Your orc wizard flickers and vanishes for a moment.
Unknown command.
You hit the wight.
The wight is lightly damaged.
The wight hits you with a +0 halberd!
* * * LOW HITPOINT WARNING * * *
Your orc warrior hits the wight with a +0 dagger.
Unknown command.
Unknown command.
The wight hits you from afar with a +0 halberd!
You die...

###+#? #..... ..
#$..$. #....# #
#.....######....#.#
#.....#.....(...#.##.
#.....#..............
#....zo..............
#.oo.o.............
##...@........##......
#......$.....# #..#...
#..#########.# #..#...
#.. #.# #..#... #.
#o###..#... #
#...o.##...
#####.##... #o##..o
#o##.##


You could see a wight (ally target), 2 friendly orc warriors, a friendly orc
wizard (invisible) and a friendly orc.

Vanquished Creatures
  A black bear (D:5)
  An ice beast (D:6)
  2 ogres (D:6)
  A bullfrog (D:6)
  6 scorpions
  A jelly (D:4)
  A hound (D:6)
  2 orc priests
  An iguana (D:5)
  3 orc wizards (D:3)
  5 adders
  A white imp (D:5)
  3 ufetubi
  A worm (D:2)
  3 dart slugs
  15 orcs
  3 bats
  5 endoplasms
  A giant cockroach (D:1)
  8 goblins
  5 hobgoblins
  7 jackals
  4 quokkas
  11 ball pythons
  3 frilled lizards
  5 kobolds
  4 rats
103 creatures vanquished.

Vanquished Creatures (collateral kills)
  Grinder (D:6)
  A wyvern (D:7)
  Eustachio (D:4)
  Duvessa (D:6)
  A sky beast (D:6)
  A black bear (D:6)
  2 ogres
  A centaur (D:6)
  A kobold brigand (D:6)
  A scorpion (D:6)
  2 wights (D:7)
  Dowan (D:6)
  A jelly (D:5)
  An orc priest (D:5)
  A gnoll bouda (D:6)
  2 iguanas
  An orc wizard (D:6)
  2 adders
  A white imp (D:6)
  2 ufetubi (D:6)
  An orc (D:5)
  A ball python (D:4)
  2 jackals (D:5)
29 creatures vanquished.

Vanquished Creatures (others)
  An orc warrior (D:6)
  Jessica (D:3)
  6 orcs
  2 plants (D:3)
10 creatures vanquished.

Grand Total: 142 creatures vanquished

Notes
Turn   | Place    | Note
-------+----------+-------------------------------------------
     0 | D:1      | cforsyth the Hill Orc Monk began the quest for the Orb.
     0 | D:1      | Reached XP level 1. HP: 19/19 MP: 1/1
    56 | D:1      | Reached XP level 2. HP: 14/27 MP: 2/2
    57 | D:1      | Reached skill level 1 in Armour
   281 | D:1      | Found a faded altar of an unknown god.
   722 | D:1      | Reached XP level 3. HP: 33/33 MP: 3/3
  1582 | D:2      | Noticed Terence
  1630 | D:3      | Found a hide-covered altar of Uskayaw.
  1719 | D:3      | Noticed Jessica
  1722 | D:3      | Became a worshipper of Beogh the Brigand
  1722 | D:3      | Reached * piety under Beogh
  1722 | D:3      | Reached ** piety under Beogh
  1726 | D:3      | Killed Jessica
  1775 | D:3      | Reached XP level 4. HP: 41/41 MP: 4/4
  1861 | D:3      | Reached skill level 5 in Axes
  2250 | D:3      | Found a runed translucent door.
  2251 | D:3      | Noticed Crazy Yiuf
  2307 | D:3      | Reached XP level 5. HP: 36/47 MP: 5/5
  2479 | D:3      | Found a broken altar of Ashenzari.
  2493 | D:3      | Reached skill level 5 in Fighting
  2727 | D:3      | Found a glowing silver altar of Zin.
  3073 | D:4      | Found an ancient bone altar of Kikubaaqudgha.
  3109 | D:4      | Reached XP level 6. HP: 55/56 MP: 6/6
  3178 | D:4      | Reached skill level 6 in Axes
  3398 | D:4      | Reached *** piety under Beogh
  3723 | D:4      | Noticed Eustachio
  3736 | D:4      | Killed Eustachio
  3737 | D:4      | Reached XP level 7. HP: 48/63 MP: 7/7
  4003 | D:4      | Reached skill level 7 in Axes
  4243 | D:5      | Entered Level 5 of the Dungeon
  4420 | D:5      | Identified the +1 ring mail of Kauha {rPois Dex+2 Stlth+}
  4454 | D:5      | Found a shimmering blue altar of Sif Muna.
  4457 | D:5      | Found a burning altar of Makhleb.
  4509 | D:5      | Reached skill level 5 in Armour
  4535 | D:5      | Reached XP level 8. HP: 47/73 MP: 8/8
  4965 | D:5      | Found a runed translucent door.
  5283 | D:5      | Identified the +0 cloak "Neosh" {Rampage rElec Slay+2}
  5400 | D:5      | Reached skill level 8 in Axes
  5400 | D:5      | Reached skill level 1 in Shields
  5769 | D:5      | Found a stormy altar of Qazlal.
  5831 | D:5      | Noticed p00ps00p's ghost (novice HOFi)
  5874 | D:6      | Noticed Grinder
  5878 | D:6      | Paralysed by Grinder for 4 turns
  5887 | D:6      | Killed Grinder
  6133 | D:6      | Noticed Duvessa
  6136 | D:6      | Noticed Dowan
  6142 | D:6      | Killed Dowan
  6143 | D:6      | Killed Duvessa
  6530 | D:6      | Reached skill level 9 in Axes
  6530 | D:6      | Reached XP level 9. HP: 68/81 MP: 9/9
  6572 | D:6      | Reached skill level 1 in Invocations
  7104 | D:7      | HP: 4/82 [wight/+0 halberd (13)]
  7105 | D:7      | Mangled by a wight

Illustrated notes

Levels and vault maps discovered:
D:1:      dpeg_arrival_rooms_c, layout_basic,
          shapermc_ecumenical_altar_totnotflames,
          hangedman_decor_clover_reticule, ebering_dispersal_statue_hall,
          chequers_serial_rivers_micro_e
D:2:      kennysheep_six_static_rooms, layout_basic,
          chequers_serial_rivers_large_a, uniq_terence
D:3:      layout_loops_cross, zin_scriptorium, nicolae_uskayaw_dance_hall,
          mainiacjoe_overflow_small_starburst, minmay_shallow_snake_nest,
          uniq_jessica, uniq_crazy_yiuf_cottage
D:4:      kennysheep_spiral_hall, layout_loops_corners,
          mainiacjoe_overflow_24_doors, uniq_eustachio
D:5:      layout_loops_cross, lemuel_round_altar, nicolae_overflow_squiral,
          ebering_ghost_sewer_d
D:6:      layout_basic, minmay_increasing_density, uniq_grinder, uniq_duvessa
D:7:      layout_basic, nicolae_tso_carved_into_rock,
          minmay_temple_entry_gardened_gates, chequers_mini_garden

Skill      XL: |  1  2  3  4  5  6  7  8  9 |
---------------+----------------------------+-----
Armour         | 1 2 3 4 5 6 |  6.9
Fighting       | 4 5 6 7 8 |  8.5
Axes           | 5 6 7 9 |  9.3
Shields        | 3 4 |  4.1
Invocations    | 2 |  2.2
Dodging        | |  2.4
Stealth        | |  1.5

Action                   |  1- 3 |  4- 6 |  7- 9 || total
-------------------------+-------+-------+-------++-------
Melee: Hand axe          |   132 |   211 |   138 ||   481
       Punch             |     1 |     2 |       ||     3
       Unarmed           |       |       |     5 ||     5
 Fire: Arbalest          |       |       |     5 ||     5
Invok: Convert to Beogh  |     1 |       |       ||     1
 Stab: Sleeping          |     2 |     2 |     2 ||     6
       Confused          |       |     2 |     2 ||     4
Armor: Robe              |     3 |       |       ||     3
       Ring mail         |    41 |    73 |    44 ||   158
Dodge: Dodged            |    99 |   112 |    88 ||   299
Block: Kite shield       |       |       |    59 ||    59

Table legend: (Time is in decaauts)
 A = Elapsed time spent in this place.
 B = Non-inter-level travel time spent in this place.
 C = Inter-level travel time spent in this place.
 D = Time resting spent in this place.
 E = Time spent auto-exploring this place.
 F = Levels seen in this place.
 G = Mean time per level.
                   A        B        C        D        E       F      G
               +--------+--------+--------+--------+--------+-----+--------+
         Total |   7124 |   6936 |    188 |    605 |   4966 |   7 | 1017.7 |
       Dungeon |   7124 |   6936 |    188 |    605 |   4966 |   7 | 1017.7 |
               +--------+--------+--------+--------+--------+-----+--------+

Top non-repeatable levels by time:
     D:5: 1607 daAuts
     D:4: 1395 daAuts
     D:3: 1226 daAuts
     D:6: 1187 daAuts
     D:1: 1053 daAuts
     D:2: 582 daAuts
     D:7: 72 daAuts
